 Dungeon Crawl Stone Soup version 0.31-a0-1576-ga3383bade6 (webtiles) character file.

Game seed: 10818431272804763170

34060 Hubris850 the Cleaver (level 13, 0/140 HPs)
             Began as an Oni Gladiator on Jan 4, 2024.
             Was a High Priest of Makhleb.
             Slain by a nine-headed hydra (7 damage)
             ... on level 4 of the Lair of Beasts.
             The game lasted 00:39:03 (16222 turns).

Hubris850 the Cleaver (Oni Gladiator)              Turns: 16222, Time: 00:39:03

Health: 0/140      AC: 11    Str: 24    XL:     13   Next: 75%
Magic:  20/20      EV: 11    Int: 13    God:    Makhleb [*****.]
Gold:   681        SH: 15    Dex: 16    Spells: 12/12 levels left

rFire   + . .        m - +0 scimitar (flame)
rCold   . . .        O - +0 kite shield
rNeg    . . .        S - +0 swamp dragon scales
rPois   +            c - +1 hat
rElec   .            L - +1 cloak {Stlth+}
rCorr   .            (gloves unavailable)
SInv    .            (boots unavailable)
Will    +....        j - amulet of reflection
Stlth   ++           l - +6 ring of dexterity
HPRegen 0.43/turn    M - ring of Forhuruo {rPois rF+ Str+3}
MPRegen 0.17/turn

%: reflection
@: no status effects
A: large, unfitting armour, horns 1, tough skin 1, double potion healing,
drunken brawling
a: Renounce Religion, Minor Destruction, Lesser Servant of Makhleb, Major
Destruction, Greater Servant of Makhleb


You were on level 4 of the Lair of Beasts.
You worshipped Makhleb.
Makhleb was extremely pleased with you.
You visited 3 branches of the dungeon, and saw 14 of its levels.
You also visited: Ossuary and Volcano.

You collected 1201 gold pieces.
You spent 520 gold pieces at shops.

Inventory:

Hand Weapons
 a - the +11 broad axe "Ryplir" {spect, rC- Will+ Str+3}
   (You acquired it on level 2 of the Dungeon)

   Str+3:     It affects your strength (+3).
   rC-:       It makes you vulnerable to cold.
   Will+:     It increases your willpower.
 m - a +0 scimitar of flaming (weapon)
Missiles
 d - 5 throwing nets
 e - 10 large rocks
 o - 6 boomerangs (quivered)
 A - 3 javelins
 D - 24 poisoned darts
Armour
 c - a +1 hat (worn)
 L - a +1 cloak of stealth (worn)
 O - a +0 kite shield (worn)
 S - +0 swamp dragon scales (worn)
Jewellery
 j - an amulet of reflection (around neck)
 l - a +6 ring of dexterity (left hand)
 y - a ring of protection from cold
 M - the ring of Forhuruo (right hand) {rPois rF+ Str+3}
   (You found it on level 8 of the Dungeon)

   [ring of protection from fire]

   Str+3:     It affects your strength (+3).
   rF+:       It protects you from fire.
   rPois:     It protects you from poison
 W - a ring of magical power
Wands
 b - a wand of charming (13)
 r - a wand of digging (8)
 t - a wand of mindburst (11)
 z - a wand of flame (25)
 Q - a wand of roots (16)
 U - a wand of quicksilver (8)
Scrolls
 f - 2 scrolls of fog
 i - 2 scrolls of revelation
 q - a scroll of immolation
 v - 4 scrolls of teleportation
 w - 2 scrolls of fear
 J - 7 scrolls of identify
 R - a scroll of poison
Potions
 g - 4 potions of heal wounds
 h - 8 potions of curing
 k - 6 potions of invisibility
 n - 3 potions of enlightenment
 p - a potion of cancellation {unknown}
 s - 2 potions of experience {unknown}
 u - a potion of attraction
 V - a potion of haste
 X - 2 potions of ambrosia
Miscellaneous
 Y - a box of beasts


   Skills:
 - Level 12.0 Fighting
 + Level 14.7 Axes
 - Level 9.0 Throwing
 - Level 8.4 Dodging
 + Level 5.1 Shields
 + Level 10.5 Invocations


You had 12 spell levels left.
You didn't know any spells.
Your spell library contained the following spells:

 Spells                   Type           Power      Damage    Failure   Level
 Sandblast                Erth           0%         2d4       69%         1
 Cigotuvi's Dreadful Rot  Necr/Alch/Air  0%         N/A       83%         2
 Lesser Beckoning         Tloc           0%         N/A       83%         2
 Call Canine Familiar     Summ           0%         N/A       96%         3
 Gell's Gravitas          Tloc           0%         N/A       96%         3
 Passwall                 Erth           0%         N/A       96%         3
 Sigil of Binding         Hex            0%         N/A       96%         3
 Stone Arrow              Conj/Erth      0%         3d7       96%         3
 Teleport Other           Tloc           0%         N/A       96%         3
 Volatile Blastmotes      Fire/Tloc      0%         2d10      96%         3
 Animate Dead             Necr           0%         N/A       100%        4
 Brom's Barrelling Bould  Conj/Erth      0%         2d3       100%        4
 Cause Fear               Hex            0%         N/A       100%        4
 Dimensional Bullseye     Hex/Tloc       0%         N/A       100%        4
 Dispel Undead            Necr           0%         3d6       100%        4
 Fulminant Prism          Conj/Alch      0%         3d5       100%        4
 Ignite Poison            Fire/Alch      0%         N/A       100%        4
 Iskenderun's Mystic Bla  Conj/Tloc      0%         2d3       100%        4
 Martyr's Knell           Necr/Summ      0%         N/A       100%        4
 Sticky Flame             Fire/Alch      0%         2d4       100%        4
 Fireball                 Conj/Fire      0%         3d3       100%        5
 Death Channel            Necr           0%         N/A       100%        6
 Haunt                    Necr/Summ      0%         N/A       100%        7
 Ignition                 Fire           0%         3d3       100%        8
 Infestation              Necr           0%         N/A       100%        8
 Dragon's Call            Summ           0%         N/A       100%        9


Dungeon Overview and Level Annotations

Branches:
Dungeon (9/15)             Temple (1/1) D:4            Lair (4/5) D:8
  Swamp (0/4) Lair:2        Snake (0/4) Lair:3          Orc (0/2) D:9
Ossuary (visited)         Volcano (visited)
  Slime: Lair:4-5

Altars:
Ashenzari
Cheibriados
Dithmenos
Elyvilon
Fedhas
Gozag
Hepliaklqana
Kikubaaqudgha
Makhleb
Nemelex Xobeh
Okawaru
Qazlal
Ru
Sif Muna
Trog
Uskayaw
Vehumet
Wu Jian
Xom
Yredelemnul
Zin
The Shining One

Shops:
D:1 :   D:2 ?   D:4 !   D:7 =


Innate Abilities, Weirdness & Mutations

You are too large for most types of armour.
You have a pair of small horns on your head.
You have tough skin. (AC +1)
You gain doubled healing and magic from potions.
Whenever you drink a healing potion, you attack all around you.


Message History

The ten-headed hydra bites you. x3; The ten-headed hydra barely misses you.
You block the ten-headed hydra's attack.
The ten-headed hydra bites you but does no damage.
The ten-headed hydra bites you.
Unknown command.
You lop one of the ten-headed hydra's heads off!
The flame cauterises the wound!
You slash the nine-headed hydra! You burn the nine-headed hydra.
You headbutt the nine-headed hydra.
The nine-headed hydra is heavily wounded.
You block the nine-headed hydra's attack.
The nine-headed hydra bites you. The nine-headed hydra bites you!
The nine-headed hydra bites you but does no damage.
The nine-headed hydra completely misses you.
The nine-headed hydra barely misses you.
The nine-headed hydra bites you!
You block the nine-headed hydra's attack.
The nine-headed hydra bites you but does no damage.
You block the nine-headed hydra's attack.
The nine-headed hydra closely misses you.
The nine-headed hydra bites you. x2
The nine-headed hydra bites you but does no damage.
The nine-headed hydra bites you.
* * * LOW HITPOINT WARNING * * *
The nine-headed hydra bites you but does no damage. x2
The nine-headed hydra barely misses you.
Unknown command.
A demon appears!
It doesn't seem very happy.
The nine-headed hydra bites you.
* * * LOW HITPOINT WARNING * * *
You block the nine-headed hydra's attack. x3
The nine-headed hydra bites you!
* * * LOW HITPOINT WARNING * * *
The nine-headed hydra bites you.
* * * LOW HITPOINT WARNING * * *
The nine-headed hydra closely misses you.
The nine-headed hydra bites you!
* * * LOW HITPOINT WARNING * * *
The nine-headed hydra bites you!
You die...

. #. . . ... .# ..#
##... #.# ..### P#..
#P.# ....# ..# #...
##....# .###..
##...#..## ..#.###
###.#......# ......#
#..!.D....#
......######....@..#
#.[...##.#....†...##
##.....##...#.....1#
#.......##........P#
##.P..###.....(....#
#..........!...P..#
##.....#?........##
##..##.P.....[P..#
#..#.#........)###


You could see a nine-headed hydra and an Executioner (summoned).

Vanquished Creatures
  A ghost crab (Lair:2)
  A catoblepas (Lair:2)
  Erica (Lair:2)
  A hell knight (Volcano)
  A salamander mystic (Volcano)
  A spectral hydra (Lair:2)
  A deep elf pyromancer (Volcano)
  4 salamanders (Volcano)
  Maurice (D:7)
  2 cyclopes (Volcano)
  10 elephants (Lair:4)
  5 black mambas
  2 molten gargoyles (Volcano)
  10 cane toads
  3 gargoyles (Volcano)
  Maggie (D:9)
  5 rime drakes
  5 komodo dragons
  Psyche (D:8)
  16 blink frogs
  5 wyverns
  24 yaks
  2 steam dragons
  3 basilisks
  A warg (D:9)
  A spectral cane toad (Lair:2)
  7 water moccasins
  2 hell hounds (Lair:1)
  A spectral yak (Lair:2)
  A spectral blink frog (Lair:2)
  8 black bears
  5 orc warriors
  A sky beast (D:7)
  An ice beast (D:6)
  An ogre (D:6)
  4 wolves (Lair:4)
  A spectral basilisk (Lair:2)
  3 phantoms
  A kobold brigand (D:8)
  16 bullfrogs
  2 gnoll sergeants (D:9)
  14 scorpions
  9 wights (D:9)
  4 howler monkeys
  2 electric eels (D:7)
  2 bombardier beetles (D:5)
  A human zombie (Ossuary)
  2 hounds
  A jelly (D:6)
  9 orc priests
  5 iguanas
  10 orc wizards
  4 scorpion zombies (Ossuary)
  A sleepcap (D:4)
  3 mummies (Ossuary)
  12 gnolls
  9 adders
  2 white imps
  3 dart slugs
  3 ribbon worms
  33 orcs
  8 ball pythons
  8 bats
  7 endoplasms
  3 giant cockroaches
  5 goblins
  8 hobgoblins
  2 jackals (D:1)
  2 quokkas
  4 ball python zombies (Ossuary)
  A frilled lizard (D:1)
  3 gnoll zombies (Ossuary)
  A jackal zombie (Ossuary)
  18 kobolds
  2 orc zombies (Ossuary)
  14 rats
377 creatures vanquished.

Vanquished Creatures (others)
  A kobold brigand (D:8)
  A kobold (D:8)
  A spectral weapon (Lair:1)
3 creatures vanquished.

Grand Total: 380 creatures vanquished

Notes
Turn   | Place    | Note
-------+----------+-------------------------------------------
     0 | D:1      | Hubris850 the Oni Gladiator began the quest for the Orb.
     0 | D:1      | Reached XP level 1. HP: 22/22 MP: 1/1
   134 | D:1      | Reached XP level 2. HP: 29/29 MP: 2/2
   514 | D:1      | Reached XP level 3. HP: 34/36 MP: 3/3
   635 | D:1      | Found Laulisas's Book Shoppe.
   641 | D:1      | Reached skill level 4 in Axes
   837 | D:2      | Found Oryfirye's Magic Scroll Shop.
  1567 | D:2      | Reached XP level 4. HP: 44/44 MP: 4/4
  2186 | D:3      | Reached skill level 5 in Axes
  2195 | D:3      | Identified the +5 short sword "Newtslayer" {flame, Will+}
  2656 | D:4      | Noticed a scorpion
  2662 | D:4      | Killed a scorpion
  2663 | D:4      | Reached XP level 5. HP: 50/53 MP: 5/5
  3045 | D:4      | Reached XP level 6. HP: 55/62 MP: 6/6
  3072 | D:4      | Found Wiekh's Distillery.
  3146 | D:4      | Found a glowing golden altar of the Shining One.
  3205 | D:4      | Noticed a black bear
  3212 | D:4      | Killed a black bear
  3639 | D:4      | Found a staircase to the Ecumenical Temple.
  3645 | Temple   | Entered the Ecumenical Temple
  3661 | Temple   | Became a worshipper of Makhleb the Destroyer
  3843 | D:4      | Reached skill level 5 in Fighting
  3853 | D:4      | Reached XP level 7. HP: 66/72 MP: 7/7
  4316 | D:5      | Entered Level 5 of the Dungeon
  5023 | D:5      | Reached XP level 8. HP: 20/84 MP: 8/8
  5268 | D:5      | Reached skill level 5 in Throwing
  5268 | D:5      | Reached skill level 5 in Dodging
  5733 | D:6      | Reached * piety under Makhleb
  6456 | D:6      | Reached XP level 9. HP: 92/96 MP: 9/9
  6499 | D:6      | Reached skill level 6 in Axes
  6975 | D:7      | Found a sand-covered staircase.
  6980 | Ossuary  | Entered an ossuary
  7193 | Ossuary  | Reached ** piety under Makhleb
  7403 | D:7      | Noticed Maurice
  7412 | D:7      | Something stole a staff of alchemy
  7414 | D:7      | Something stole a ring of protection from fire
  7415 | D:7      | Something stole a flux talisman
  7415 | D:7      | Something stole 6 datura-tipped darts
  7416 | D:7      | Killed Maurice
  7565 | D:7      | Found Ziydghis's Jewellery Boutique.
  8833 | D:7      | Reached skill level 7 in Axes
  9115 | D:7      | Reached XP level 10. HP: 14/109 MP: 10/10
  9312 | D:7      | Found a bloodstained altar of Trog.
  9785 | D:2      | Bought a scroll of acquirement for 520 gold pieces
  9785 | D:2      | Acquired the +11 broad axe "Ryplir" {spect, rC- Will+
                  | Str+3}
  9932 | D:8      | Reached skill level 10 in Fighting
  9955 | D:8      | Found a snail-covered altar of Cheibriados.
 10051 | D:8      | Noticed Psyche
 10080 | D:8      | Killed Psyche
 10315 | D:8      | Reached skill level 8 in Axes
 10460 | D:8      | Found a broken altar of Ashenzari.
 10714 | D:8      | Identified the ring of Forhuruo {rPois rF+ Str+3}
 10779 | D:8      | Found a staircase to the Lair.
 11083 | D:9      | Found a staircase to the Orcish Mines.
 11087 | D:9      | Reached *** piety under Makhleb
 11270 | D:9      | Noticed Maggie
 11275 | D:9      | Killed Maggie
 11313 | D:9      | Reached XP level 11. HP: 17/120 MP: 11/11
 11584 | D:9      | Reached **** piety under Makhleb
 12078 | Lair:1   | Entered Level 1 of the Lair of Beasts
 12089 | Lair:1   | Reached skill level 9 in Axes
 12349 | Lair:1   | Reached skill level 10 in Axes
 12406 | Lair:1   | Found a dark tunnel.
 12417 | Volcano  | Entered a volcano
 12421 | Volcano  | Noticed a cyclops
 12433 | Volcano  | Killed a cyclops
 12451 | Volcano  | Noticed a salamander
 12455 | Volcano  | Killed a salamander
 12462 | Volcano  | Noticed a salamander
 12467 | Volcano  | Killed a salamander
 12468 | Volcano  | Reached skill level 11 in Axes
 12495 | Volcano  | Noticed an orb of fire
 12495 | Volcano  | Noticed a salamander mystic
 12507 | Volcano  | Killed a salamander mystic
 12797 | Volcano  | Noticed a deep elf pyromancer
 12797 | Volcano  | Noticed a hell knight
 12800 | Volcano  | Noticed an orb of fire
 12803 | Volcano  | Killed a deep elf pyromancer
 12804 | Volcano  | Reached XP level 12. HP: 132/132 MP: 12/12
 12806 | Volcano  | Killed a hell knight
 12807 | Volcano  | Reached skill level 12 in Axes
 12807 | Volcano  | Reached skill level 1 in Invocations
 13207 | Lair:1   | Reached skill level 5 in Invocations
 13724 | Lair:2   | Noticed a catoblepas
 13730 | Lair:2   | Killed a catoblepas
 13815 | Lair:2   | Reached skill level 13 in Axes
 13882 | Lair:2   | Reached ***** piety under Makhleb
 14155 | Lair:2   | Noticed Erica
 14162 | Lair:2   | Killed Erica
 14560 | Lair:2   | Found a staircase to the Swamp.
 14560 | Lair:2   | Noticed a ghost crab
 14566 | Lair:2   | Killed a ghost crab
 14567 | Lair:2   | Reached skill level 1 in Shields
 14855 | Lair:2   | Reached XP level 13. HP: 140/140 MP: 19/19
 15155 | Lair:3   | Found a staircase to the Snake Pit.
 15174 | Lair:3   | Reached skill level 14 in Axes
 16016 | Lair:4   | Reached skill level 10 in Invocations
 16172 | Lair:4   | Reached skill level 5 in Shields
 16222 | Lair:4   | Noticed an Executioner
 16222 | Lair:4   | HP: 7/140 [nine-headed hydra (9)]
 16222 | Lair:4   | Slain by a nine-headed hydra

Illustrated notes

Levels and vault maps discovered:
D:1:      saegor_arrival_simple_c, layout_loops_ring, serial_shops, shop,
          minivault_26, kennysheep_nondescript
D:2:      layout_basic, serial_shops, shop, minmay_rat_gold_closets
D:3:      layout_rooms
D:4:      minmay_opposing_rooms, layout_gridville, mainiacjoe_overflow_paths,
          minmay_temple_entry_enclosed_plants, serial_shops, shop
D:5:      layout_cave_pods, st_stairs_7
D:6:      layout_basic, nicolae_titane
D:7:      layout_layer_cave, trog_three_pillars_becter,
          nicolae_ossuary_entry_false_entrances, minivault_25,
          amcnicky_mini_rare_corridor_liquid, nicolae_inconvenience_store,
          uniq_maurice
D:8:      layout_loops_ring, cheibrodos_ashenzari_chains,
          kennysheep_slug_shrine, due_lair_maze_entry_diamond, uniq_psyche
D:9:      layout_rooms, erik_orc_4, uniq_maggie
Temple:   dpeg_three_leaves_temple
Lair:1:   layout_gridlike, enter_volcano_3, serial_bayou_pond_c,
          lemuel_fruit_fields, grunt_megastairs_3, lemuel_fruit_fields
Lair:2:   layout_cave_pods, nicolae_swamp_entry_spooky, uniq_erica
Lair:3:   layout_loops_ring, dummy_snake_entry
Lair:4:   layout_loops_ring, minmay_lair_drake_nest,
          infiniplex_staircase_pool_2, uniq_urug

Skill      XL: |  1  2  3  4  5  6  7  8  9 10 11 12 13 |
---------------+----------------------------------------+-----
Axes           | 4 5 7 8 11 13 14 | 14.7
Fighting       | 3 4 5 6 7 9 11 12 | 12.0
Dodging        | 3 4 5 7 8 |  8.4
Throwing       | 3 4 5 7 8 9 |  9.0
Invocations    | 8 10 | 10.5
Shields        | 1 5 |  5.1

Action                     |  1- 3 |  4- 6 |  7- 9 | 10-12 | 13-15 || total
---------------------------+-------+-------+-------+-------+-------++-------
  Melee: War axe           |   114 |    28 |    88 |       |       ||   230
         Headbutt          |    13 |    16 |    67 |    56 |    25 ||   177
         Punch             |     2 |       |     3 |     1 |       ||     6
         Short sword       |       |    78 |    70 |       |       ||   148
         Broad axe         |       |       |   122 |   230 |   110 ||   462
         Scimitar          |       |       |       |       |     2 ||     2
  Throw: Large rock        |       |     1 |     5 |     3 |       ||     9
         Boomerang         |       |       |     5 |     1 |       ||     6
         Dart              |       |       |     6 |       |       ||     6
         Throwing net      |       |       |     1 |       |       ||     1
 Invoke: Greater Servant o |       |       |       |       |     1 ||     1
  Evoke: Wand              |       |       |     2 |       |       ||     2
    Use: Scroll            |     5 |     5 |    10 |    10 |       ||    30
         Potion            |       |       |     3 |     4 |       ||     7
   Stab: Sleeping          |     4 |     2 |     3 |     3 |     2 ||    14
         Distracted        |       |       |       |     3 |     2 ||     5
         Petrified         |       |       |       |     2 |       ||     2
 Armour: Robe              |    65 |    84 |   243 |    56 |       ||   448
         Swamp dragon scal |       |       |       |   114 |    68 ||   182
         Steam dragon scal |       |       |       |    14 |       ||    14
  Dodge: Dodged            |    64 |    49 |   164 |   125 |    39 ||   441
  Block: Kite shield       |       |       |       |     8 |    67 ||    75

Table legend: (Time is in decaauts)
 A = Elapsed time spent in this place.
 B = Non-inter-level travel time spent in this place.
 C = Inter-level travel time spent in this place.
 D = Time resting spent in this place.
 E = Time spent auto-exploring this place.
 F = Levels seen in this place.
 G = Mean time per level.
                   A        B        C        D        E       F      G
               +--------+--------+--------+--------+--------+-----+--------+
         Total |  16349 |  15575 |    774 |   3184 |   9507 |  16 | 1021.8 |
       Dungeon |  11758 |  11209 |    549 |   2470 |   7097 |   9 | 1306.4 |
        Temple |     24 |     16 |      8 |      0 |      0 |   1 |   24.0 |
          Lair |   3529 |   3313 |    216 |    297 |   2364 |   4 |  882.2 |
       Ossuary |    421 |    421 |      0 |    111 |      2 |   1 |  421.0 |
       Volcano |    615 |    615 |      0 |    306 |     44 |   1 |  615.0 |
               +--------+--------+--------+--------+--------+-----+--------+

Top non-repeatable levels by time:
     D:7: 2171 daAuts
     D:4: 1896 daAuts
     D:6: 1554 daAuts
     D:5: 1411 daAuts
     D:8: 1306 daAuts
  Lair:2: 1158 daAuts
  Lair:1: 1147 daAuts
     D:2: 1084 daAuts
  Lair:3: 887 daAuts
     D:9: 880 daAuts
     D:1: 835 daAuts
     D:3: 618 daAuts
 Volcano: 615 daAuts
 Ossuary: 421 daAuts
  Lair:4: 335 daAuts
